 Dungeon Crawl Stone Soup version 0.31-b1-22-gc680215f68 (webtiles) character file.

Game seed: 17589877777864056242

4 James the Caller (level 1, 0/14 HPs)
             Began as a Merfolk Summoner on Jan 18, 2024.
             Hit by a stone thrown by a kobold (1 damage)
             ... on level 1 of the Dungeon.
             The game lasted 00:01:00 (112 turns).

James the Caller (Merfolk Summoner)                  Turns: 112, Time: 00:01:00

Health: 0/14       AC:  2    Str:  8    XL:     1   Next: 70%
Magic:  2/3        EV: 12    Int: 14    God:
Gold:   12         SH:  0    Dex: 14    Spells: 3/4 levels left

rFire   . . .        (no weapon)
rCold   . . .        (no shield)
rNeg    . . .        a - +0 robe
rPois   .            (no helmet)
rElec   .            (no cloak)
rCorr   .            (no gloves)
SInv    .            (no boots)
Will    .....        (no amulet)
Stlth   ++           (no ring)
HPRegen 0.22/turn    (no ring)
MPRegen 0.08/turn

%: no passive effects
@: lethally poisoned (0 -> -9)
A: (nimble swimmer 2), mertail
a: no special abilities


You were on level 1 of the Dungeon.
You visited 1 branch of the dungeon, and saw 1 of its levels.

You collected 12 gold pieces.

Inventory:

Missiles
 c - 41 stones
Armour
 a - a +0 robe (worn)
Scrolls
 d - a scroll of identify {unknown}
Potions
 b - a potion of magic


   Skills:
 + Level 0.3 Fighting
 + Level 2.8 Dodging
 - Level 2.1 Stealth
 + Level 2.0 Spellcasting
 * Level 4.1 Summonings


You had 3 spell levels left.
You knew the following spells:

 Your Spells              Type           Power      Damage    Failure   Level
a - Summon Small Mammal   Summ           48%        N/A       4%          1

Your spell library contained the following spells:

 Spells                   Type           Power      Damage    Failure   Level
 Call Imp                 Summ           24%        N/A       7%          2
 Call Canine Familiar     Summ           12%        N/A       13%         3
 Summon Blazeheart Golem  Fire/Summ      7%         N/A       71%         4
 Summon Lightning Spire   Summ/Air       7%         N/A       71%         4


Dungeon Overview and Level Annotations

Branches:
Dungeon (1/15)

Altars:


Innate Abilities, Weirdness & Mutations

((You are very nimble when in or above water. (Stealth+, EV+, Speed+++)))
Your lower body shifts to a powerful aquatic tail in water.


Message History

You see here 12 gold pieces.
You now have 12 gold pieces.
Your bat hits the dart slug.
A kobold comes into view.
It is wielding a +2 short sword of venom.
The dart slug launches a dart at you.
The slug dart hits you but does no damage.
The kobold moves out of view.
Found a stone staircase leading down.
Your bat hits the dart slug.
You swap places.
The dart slug launches a dart at you. The slug dart hits you.
Your bat hits the dart slug. You hit the dart slug.
Your bat hits the dart slug. The dart slug bites your bat.
Your bat hits the dart slug.
You catch the helpless dart slug completely off-guard!
You hit the dart slug.
Your bat hits the dart slug but does no damage.
Your quokka bites the dart slug but does no damage.
The kobold throws a stone.
The stone hits you but does no damage.
You hit the dart slug but do no damage.
Your bat hits the dart slug but does no damage.
Your bat hits the dart slug.
The dart slug launches a dart at your bat.
The slug dart hits your bat.
Your bat dies!
Your bat's corpse disappears in a puff of smoke!
Your quokka bites the dart slug.
The dart slug dies!
A hobgoblin comes into view.
The kobold throws a stone.
The stone completely misses your quokka.
The stone barely misses you.
The kobold throws a stone.
The stone misses your quokka. The stone closely misses you.
Your quokka bites the kobold.
Your quokka bites the kobold but does no damage.
The kobold hits you but does no damage.
You are poisoned.
You feel sick.
Your quokka disappears in a puff of smoke!
The kobold attacks as it pursues you!
The kobold hits you with a +2 short sword of venom.
You are lethally poisoned!
Okay, then.
Unknown command.
* * * LOW HITPOINT WARNING * * *
You feel very sick.
Unknown command.
* * * LOW HITPOINT WARNING * * *
You feel very sick.
The kobold throws a stone.
The stone hits you.
You die...

#. ..#..#.# ## #?# #..
......# . #.# ..##.##.#
#.#.# ...(.#.#####.#.##
###.§......#....#
#..§K......###.)#######
#..........###........##
#....#.###..............
#....#.@........##.....#
+......#.##.########......
#.##.....##.##.....##...#.
...
...>.....#...<...#.####
g##
###..####.##.....##.###.
..... ...###'###......
#.#### ####.....######. ..
##.........##...
+.....8.....'.##


You could see a kobold.

Vanquished Creatures
  A goblin (D:1)
1 creature vanquished.

Vanquished Creatures (collateral kills)
  A dart slug (D:1)
  A bat (D:1)
2 creatures vanquished.

Grand Total: 3 creatures vanquished

Notes
Turn   | Place    | Note
-------+----------+-------------------------------------------
     0 | D:1      | James the Merfolk Summoner began the quest for the Orb.
     0 | D:1      | Reached XP level 1. HP: 13/13 MP: 3/3
   112 | D:1      | Hit by a stone thrown by a kobold

Illustrated notes

Levels and vault maps discovered:
D:1:      minmay_arrival_shattered_statue, layout_basic

Action                     || total
---------------------------++-------
  Melee: Unarmed           ||     9
   Cast: Summon Small Mamm ||     3
   Stab: Distracted        ||     1
 Armour: Robe              ||    14
  Dodge: Dodged            ||    21
